Map: Echo LE (Void)

Players

soO

  • Race: Zerg Zerg
  • Spawn Location: 11:00

ByuL - Winner!

  • Race: Zerg Zerg
  • Spawn Location: 5:00

Event: IEM Season 11 - Gyeonggi

VOD

Have the link to the VOD?

Description

Time

  • Played on: Dec. 14, 2016, 10:43 p.m.
  • Length: 6:21

All games in this series

Show
View Real Time Build Order
Export as new Build Order

soO Zerg 

Build Orders: Pool Only, Zergling Baneling 

Get SALT Encoding   

  12  0:17  Spawning Pool  
  11  0:21  Drone  
  11  0:26  Drone  
  13  0:30  Drone  
  13  0:35  Extractor  
  13  0:41  Overlord  
  13  1:03  Zergling x2  
  13  1:04  Zergling x4  
  15  1:07  Queen  
  18  1:17  Zergling x2  
  19  1:27  Zergling x2  
  20  1:34  Metabolic Boost  
  20  1:37  Zergling x2  
  21  1:48  Zergling x2  
  22  1:55  Baneling Nest  
  22  1:59  Overlord  
  20  2:19  Zergling x8  
  24  2:28  Zergling x2  
  24  2:35  Zergling x2  
  25  2:44  Baneling  
  25  2:47  Zergling x2  
  26  2:56  Baneling  
  26  2:58  Zergling x6  
  29  3:00  Zergling x2  
  28  3:11  Zergling x2  
  27  3:23  Zergling x2  
  26  3:33  Baneling x2  
  26  3:34  Baneling x2  
  26  3:35  Baneling x2  
  26  3:39  Overlord  
  25  4:00  Zergling x6  
  20  4:12  Zergling x4  
  20  4:16  Evolution Chamber  
  21  4:20  Zergling x2  
  21  4:26  Zergling x2  
  20  4:36  Zergling x2  
  21  4:41  Zergling x2  
  21  4:43  Zergling x4  
  24  4:51  Zergling x2  
  25  4:59  Zergling x2  
  26  5:05  Baneling x2  
  26  5:08  Zergling x2  
  26  5:09  Zergling x4  
  29  5:29  Zergling x2  
  29  5:51  Zergling x2  
  29  5:54  Zergling x2  
  29  5:55  Zergling x6  
  24  6:00  Zergling x2  
Show
View Real Time Build Order
Export as new Build Order

ByuL Zerg - Winner!

Build Orders: Hatch First 

Get SALT Encoding   

  12  0:00  Drone  
  13  0:07  Drone  
  14  0:17  Overlord  
  14  0:22  Extractor  
  14  0:23  Drone  
  15  0:35  Drone  
  15  0:36  Drone  
  17  0:51  Hatchery  
  17  0:53  Drone  
  17  1:07  Spawning Pool  
  17  1:09  Drone  
  17  1:14  Drone  
  17  1:17  Drone  
  19  1:20  Extractor  
  18  1:30  Overlord  
  18  1:50  Drone  
  19  1:54  Queen  
  19  1:55  Zergling x2  
  19  1:58  Zergling x2  
  23  2:03  Queen  
  23  2:05  Zergling x2  
  26  2:11  Zergling x2  
  26  2:22  Zergling x2  
  26  2:23  Drone  
  26  2:27  Baneling Nest  
  27  2:32  Queen  
  27  2:36  Spine Crawler  
  28  2:42  Queen  
  30  2:50  Drone  
  30  2:55  Zergling x2  
  30  2:56  Zergling x2  
  31  3:01  Zergling x6  
  31  3:03  Zergling x2  
  32  3:13  Spine Crawler  
  32  3:15  Zergling x2  
  32  3:18  Zergling x2  
  30  3:31  Drone  
  31  3:35  Drone x2, Queen  
  35  3:45  Overlord  
  34  3:50  Queen  
  32  4:05  Zergling x6  
  35  4:12  Queen  
  37  4:19  Drone x2  
  37  4:21  Drone  
  38  4:26  Spine Crawler  
  36  4:45  Queen  
  36  4:48  Drone x2  
  36  4:49  Baneling Nest  
  39  4:56  Queen  
  41  5:09  Drone, Overlord  
  41  5:10  Overlord  
  42  5:25  Queen, Spine Crawler  
  43  5:36  Baneling x2  
  43  5:37  Baneling x2  
  43  5:38  Drone x3  
  43  5:40  Drone  
  41  6:01  Baneling  
  41  6:04  Extractor  
  41  6:06  Drone x2  

Tags
 
Add a new tag
Caveats
  • Supply blocks, unpowered buildings, or Contaminate may cause inaccurate times.
  • Supply counts are checked every 10 seconds.